 Dungeon Crawl Stone Soup version 0.29.0-13-gc9e81de378 (webtiles) character file.

Game seed: 11808360728592397041

123 gelatine the Trooper (level 5, -1/57 HPs)
             Began as an Ogre Cinder Acolyte on Sept 10, 2022.
             Was a High Priest of Ignis.
             Slain by Natasha (9 damage)
             ... on level 3 of the Dungeon.
             The game lasted 00:06:04 (3040 turns).

gelatine the Trooper (Ogre Cinder Acolyte)          Turns: 3040, Time: 00:06:05

Health: -1/57      AC:  3    Str: 18    XL:     5   Next: 7%
Magic:  6/6        EV:  9    Int: 15    God:    Ignis [*****.]
Gold:   170        SH:  0    Dex:  6    Spells: 4/6 levels left

rFire   + . .      SeeInvis .   a - -1 hand axe (flame)
rCold   . . .      Faith    .   (no shield)
rNeg    . . .      Spirit   .   b - +0 robe
rPois   .          Reflect  .   (helmet restricted)
rElec   .          Harm     .   (no cloak)
rCorr   .          Rampage  .   (gloves unavailable)
Will    .....                   (boots unavailable)
Stlth   +.........              s - amulet of regeneration
HPRegen 0.99/turn               (no ring)
MPRegen 0.10/turn               (no ring)

@: slowed, very slow
A: large, unfitting armour, tough skin 1
a: Renounce Religion, Fiery Armour, Foxfire Swarm, Rising Flame


You were on level 3 of the Dungeon.
You worshipped Ignis.
Ignis was extremely pleased with you.
You visited 1 branch of the dungeon, and saw 3 of its levels.

You collected 170 gold pieces.

Inventory:

Hand Weapons
 a - a -1 hand axe of flaming (weapon)
Missiles
 m - 2 throwing nets (quivered)
 o - 3 poisoned darts
Armour
 b - a +0 robe (worn)
Jewellery
 s - an amulet of regeneration (around neck)
Scrolls
 d - a scroll of brand weapon {unknown}
 f - a scroll of noise {unknown}
 g - a scroll of poison {unknown}
 h - 2 scrolls of identify {unknown}
 p - 3 scrolls of teleportation {unknown}
 q - a scroll of fear {unknown}
 v - a scroll of vulnerability {unknown}
Potions
 c - a potion of heal wounds {unknown}
 e - a potion of brilliance {unknown}
 i - 3 potions of curing {unknown}
 j - a potion of magic {unknown}
 k - 2 potions of attraction {unknown}
 l - 4 potions of haste {unknown}
 n - 2 potions of degeneration {unknown}
 r - a potion of ambrosia {unknown}
 t - a potion of flight {unknown}
 u - a potion of berserk rage {unknown}


   Skills:
 + Level 5.1 Fighting
 + Level 4.2 Axes
 + Level 0.3 Throwing
 + Level 1.3 Dodging
 + Level 0.1 Stealth
 + Level 1.2 Spellcasting
 + Level 3.1 Fire Magic


You had 4 spell levels left.
You knew the following spells:

 Your Spells              Type           Power      Damage    Failure   Level
a - Scorch                Fire           20%        2d6       11%         2

Your spell library contained the following spells:

 Spells                   Type           Power      Damage    Failure   Level


Dungeon Overview and Level Annotations

Branches:
Dungeon (3/15)

Altars:
Kikubaaqudgha

Annotations:
D:3 Natasha


Innate Abilities, Weirdness & Mutations

You are too large for most types of armour.
You have tough skin. (AC +1)


Message History

You hit Natasha. You burn Natasha.
Natasha is moderately wounded.
You closely miss the white imp. The white imp hits you.
The white imp freezes you.
Natasha drinks a potion.
Natasha flickers and vanishes!
Deactivating autopickup; reactivate with Ctrl-A.
You barely miss something. You hit the white imp. You burn the white imp.
The white imp hits you. The white imp freezes you. Something claws you.
You barely miss something. You hit the white imp but do no damage.
The white imp hits you. The white imp freezes you. Something claws you.
* * * LOW HITPOINT WARNING * * *
You miss something. You hit the white imp. You burn the white imp.
You kill the white imp!
The white imp disappears in a puff of smoke!
You hear some strange, mumbled words.
You closely miss something. Something claws you.
* * * LOW HITPOINT WARNING * * *
The crimson imp blinks!
You miss something. Something claws you but does no damage.
You closely miss something. You closely miss the crimson imp.
You hear some strange, mumbled words.
You feel yourself slow down. The crimson imp barely misses you.
You closely miss something. You miss the crimson imp.
You hear some strange, mumbled words.
A magic dart appears from out of thin air!
The magic dart hits you!
* * * LOW HITPOINT WARNING * * *
The crimson imp hits you but does no damage.
Something claws you.
* * * LOW HITPOINT WARNING * * *
You miss something. You closely miss the crimson imp. The crimson imp hits you.
* * * LOW HITPOINT WARNING * * *
Something claws you but does no damage. The crimson imp closely misses you.
You hear some strange, mumbled words.
Unknown command.
You hit something. You burn something. You miss the crimson imp.
The crimson imp barely misses you.
The white imp shouts, "Accept thy failure, thou canting fool-headed fleecer!"
Something claws you!
You die...

.#######.......†#..#
.# #...#...##..# .#
#...##.###..###
.#######.............#
..............####.#.#
.######.#..##>####.#.#
.## #.#..##....#.#.#
..# #.#..........#.#
#.# #.##.###.5@5.#.#
.######.##.# #.#{###.#
.# #....†..# #.#.# #.#
≈# #.#####.# #.#.# #.#
≈###.# #.###...###.#
≈#...# #...........#
≈###.# #.####.######
≈###.#####.......#
.##........####..#


You could see a crimson imp (summoned) and a white imp (summoned).

Vanquished Creatures
  Natasha (D:3)
  2 adders (D:3)
  A dart slug (D:3)
  2 orcs (D:3)
  5 ball pythons
  6 endoplasms
  3 giant cockroaches
  7 goblins
  8 hobgoblins
  4 jackals (D:1)
  13 kobolds
  2 quokkas (D:1)
  8 bats
  4 frilled lizards
  5 rats
71 creatures vanquished.

Notes
Turn   | Place    | Note
-------+----------+-------------------------------------------
     0 | D:1      | gelatine the Ogre Cinder Acolyte began the quest for the
                  | Orb.
     0 | D:1      | Reached XP level 1. HP: 24/24 MP: 2/2
    46 | D:1      | Reached XP level 2. HP: 3/32 MP: 3/3
   510 | D:1      | Learned a level 2 spell: Scorch
   672 | D:1      | Reached XP level 3. HP: 30/39 MP: 2/4
  1649 | D:2      | Found a faded altar of an unknown god.
  2177 | D:2      | Reached XP level 4. HP: 43/49 MP: 5/5
  2337 | D:3      | Found an ancient bone altar of Kikubaaqudgha.
  2442 | D:3      | Noticed Natasha
  2459 | D:3      | Killed Natasha
  2460 | D:3      | Reached skill level 1 in Dodging
  2541 | D:3      | Reached skill level 5 in Fighting
  2909 | D:3      | Reached XP level 5. HP: 33/57 MP: 6/6
  3022 | D:3      | Noticed Natasha
  3040 | D:3      | Slain by Natasha

Illustrated notes

Levels and vault maps discovered:
D:1:      nicolae_arrival_memento_mori, layout_basic, minmay_heptomino_d4
D:2:      layout_rooms, ebering_ecumenical_altar_mist
D:3:      layout_loops_ring, mainiacjoe_overflow_paths, uniq_natasha

Skill      XL: |  1  2  3  4 |
---------------+-------------+-----
Fire Magic     | 3 |  3.1
Axes           | 4 |  4.2
Dodging        | 1 |  1.3
Fighting       | 5 |  5.1
Throwing       | |  0.3
Stealth        | |  0.1
Spellcasting   | |  1.2

Action                   |  1- 3 |  4- 6 || total
-------------------------+-------+-------++-------
Melee: Hand axe          |   168 |    90 ||   258
       Punch             |     1 |       ||     1
Throw: Stone             |    14 |       ||    14
       Throwing net      |       |     1 ||     1
 Cast: Scorch            |     1 |       ||     1
Armor: Robe              |    55 |    21 ||    76
Dodge: Dodged            |    81 |    40 ||   121
